Map: Lerilak Crest

Players

SadPony

  • Race: Protoss Protoss
  • League: Gold

Javert - Winner!

  • Race: Zerg Zerg
  • League: Gold

VOD

Have the link to the VOD?

Description

Time

  • Played on: Sept. 8, 2015, 10:31 p.m.
  • Length: 12:31
Show
View Real Time Build Order
Export as new Build Order

SadPony Protoss 

Build Orders:  

Get SALT Encoding   

  12  0:00  Probe (Chrono Boost)  
  13  0:10  Probe (Chrono Boost)  
  14  0:19  Pylon  
  14  0:22  Probe (Chrono Boost)  
  15  0:37  Probe (Chrono Boost)  
  15  0:40  Gateway  
  16  0:47  Probe (Chrono Boost)  
  17  0:57  Probe (Chrono Boost)  
  17  1:00  Assimilator  
  18  1:07  Probe (Chrono Boost)  
  19  1:18  Probe (Chrono Boost)  
  19  1:21  Pylon  
  20  1:27  Cybernetics Core  
  20  1:28  Probe (Chrono Boost)  
  21  1:50  Nexus  
  21  2:00  Gateway  
  21  2:02  Warp Gate (Chrono Boost)  
  21  2:05  Adept  
  23  2:15  Probe (Chrono Boost), Assimilator  
  24  2:36  Pylon  
  24  2:43  Gateway  
  24  2:49  Probe (Chrono Boost)  
  25  2:59  Probe (Chrono Boost)  
  25  3:05  Adept  
  27  3:09  Probe (Chrono Boost)  
  27  3:10  Probe (Chrono Boost)  
  29  3:13  Pylon  
  29  3:18  Probe  
  29  3:20  Mothership Core  
  34  3:27  Sentry  
  34  3:28  Probe  
  35  3:39  Probe  
  36  3:41  Probe  
  36  3:44  Robotics Facility  
  37  3:49  Probe  
  37  3:53  Probe  
  39  3:59  Probe  
  40  4:05  Probe  
  40  4:09  Probe  
  41  4:15  Assimilator  
  42  4:18  Probe  
  42  4:19  Sentry x2, Probe, Assimilator  
  42  4:20  Zealot  
  50  4:29  Probe  
  50  4:30  Probe  
  48  4:39  Probe  
  48  4:42  Probe  
  48  4:45  Immortal  
  54  4:47  Stalker  
  54  4:48  Stalker  
  54  4:49  Probe  
  59  4:54  Probe  
  59  4:56  Zealot  
  62  5:06  Pylon x2  
  62  5:22  Probe, Forge  
  62  5:24  Probe, Observer  
  62  5:25  Twilight Council  
  65  5:32  Probe  
  66  5:36  Probe  
  66  5:42  Probe, Adept  
  69  5:43  Adept x2  
  69  5:45  Nexus  
  69  5:48  Probe  
  75  5:52  Probe  
  76  6:00  Probe  
  77  6:13  Pylon  
  77  6:15  Pylon, Protoss Ground Weapons Level 1  
  77  6:17  Probe, Blink  
  78  6:19  Robotics Facility  
  78  6:21  Pylon  
  78  6:25  Pylon  
  78  6:29  Probe  
  78  6:31  Immortal  
  83  6:38  Photon Cannon  
  83  6:41  Pylon  
  83  6:46  Photon Cannon  
  83  6:48  Sentry x2, Pylon  
  83  6:49  Probe  
  83  6:51  Probe  
  89  7:02  Gateway x2  
  89  7:04  Probe  
  90  7:25  Gateway  
  90  7:31  Gateway  
  90  7:39  Gateway  
  90  7:41  Gateway  
  90  7:43  Pylon  
  90  7:45  Stalker, Pylon  
  90  7:46  Stalker x2  
  90  7:49  Probe x2  
  90  7:51  Probe  
  97  7:53  Assimilator  
  97  7:55  Warp Prism  
  97  7:57  Assimilator  
  99  8:03  Probe  
  104  8:06  Robotics Bay  
  104  8:13  Probe x2  
  104  8:14  Pylon  
  104  8:15  Probe  
  104  8:17  Pylon  
  107  8:23  Probe x2  
  109  8:27  Templar Archives  
  109  8:31  Immortal  
  109  8:32  Immortal  
  103  8:35  Stalker x3  
  103  8:38  Probe x2  
  111  8:43  Stalker  
  113  8:52  Probe  
  113  8:53  Probe  
  115  8:56  Protoss Ground Weapons Level 2  
  115  8:57  Charge  
  115  9:02  Pylon  
  115  9:06  Adept x5, Pylon  
  121  9:21  Stalker  
  121  9:22  Stalker  
  121  9:23  Stalker x2  
  123  9:37  Stalker x5  
  121  9:40  Probe  
  121  9:42  Probe  
  121  9:51  Disruptor  
  121  9:52  Disruptor  
  127  10:01  Zealot  
  127  10:02  Zealot  
  131  10:11  Zealot  
  131  10:12  Zealot  
  131  10:20  Zealot x2  
  131  10:21  Zealot x3  
  137  10:30  Zealot x2  
  137  10:31  Zealot  
  101  10:41  Stalker x5  
  101  10:42  Stalker  
  109  10:44  Psionic Storm  
  109  11:00  Zealot x2  
  109  11:01  Zealot  
  115  11:07  Nexus  
  115  11:09  Pylon, High Templar x5  
  115  11:10  Pylon, High Templar  
  127  11:13  Pylon  
  127  11:18  Probe  
  128  11:25  Colossus x2 (Chrono Boost)  
Show
View Real Time Build Order
Export as new Build Order

Javert Zerg - Winner!

Build Orders: Hatch First, Lurkers 

Get SALT Encoding   

  12  0:01  Drone  
  13  0:17  Overlord  
  13  0:21  Drone  
  14  0:37  Drone  
  14  0:38  Drone  
  14  0:41  Drone  
  17  0:57  Hatchery  
  17  0:58  Drone  
  17  1:02  Drone  
  18  1:05  Extractor  
  17  1:12  Drone  
  18  1:24  Spawning Pool  
  17  1:28  Drone  
  18  1:36  Drone  
  19  1:52  Drone  
  20  1:56  Drone  
  21  2:08  Overlord  
  21  2:16  Drone  
  21  2:17  Drone  
  21  2:18  Queen x2  
  21  2:20  Metabolic Boost  
  27  2:27  Overlord  
  27  2:32  Zergling x4  
  28  2:43  Drone x2  
  30  2:53  Drone  
  30  2:54  Drone  
  32  3:04  Drone x2  
  34  3:06  Queen  
  34  3:11  Drone  
  37  3:18  Drone  
  38  3:23  Hatchery  
  37  3:31  Drone x3  
  37  3:32  Drone x3  
  37  3:34  Drone  
  43  3:41  Overlord x2  
  43  3:54  Zergling x2  
  43  4:00  Overlord, Spine Crawler  
  42  4:06  Overlord x2  
  42  4:12  Overlord  
  42  4:13  Lair  
  42  4:14  Extractor  
  41  4:18  Roach Warren  
  40  4:29  Drone  
  40  4:30  Drone x10  
  46  4:37  Extractor  
  45  4:53  Evolution Chamber x2  
  45  4:59  Overlord x2  
  43  5:06  Drone  
  43  5:07  Drone x3  
  45  5:13  Glial Reconstitution  
  47  5:22  Zerg Missile Weapons Level 1, Zerg Ground Armor Level 1, Extractor  
  47  5:23  Hatchery  
  47  5:26  Queen  
  47  5:27  Extractor  
  46  5:35  Roach x3  
  52  5:38  Roach  
  54  5:46  Drone  
  54  5:47  Drone x6  
  61  5:57  Hydralisk Den  
  61  5:58  Extractor  
  59  6:08  Roach x4  
  67  6:13  Overlord x2  
  67  6:23  Drone x3  
  70  6:30  Drone x7  
  70  6:31  Drone x4  
  70  6:32  Drone  
  82  6:42  Hydralisk  
  82  6:43  Hydralisk x2  
  88  6:47  Muscular Augments  
  88  6:59  Roach  
  88  7:00  Roach x3  
  96  7:02  Overlord x2  
  96  7:07  Drone x3  
  99  7:10  Roach  
  99  7:11  Roach x2  
  105  7:16  Overlord  
  105  7:19  Overlord x2  
  105  7:21  Drone x2  
  107  7:23  Overlord  
  107  7:35  Hydralisk x5  
  117  7:45  Lurker Den  
  117  7:46  Overlord x2  
  117  7:49  Drone x5  
  117  7:50  Drone x3  
  125  7:53  Overlord x2  
  125  7:55  Drone x3  
  128  8:03  Ravager x3  
  131  8:16  Overlord x2  
  131  8:18  Drone x2  
  133  8:22  Roach x2  
  137  8:30  Hatchery  
  137  8:31  Extractor  
  137  8:32  Extractor  
  132  8:37  Hydralisk  
  132  8:38  Hydralisk x6  
  146  8:43  Ravager x2  
  146  8:45  Drone  
  146  8:46  Drone x2  
  151  8:52  Zerg Missile Weapons Level 2  
  151  9:01  Zergling x8  
  151  9:02  Zergling x16  
  140  9:27  Unknown  
  116  9:45  Lurker  
  117  9:46  Lurker x8  
  117  9:49  Overlord x2  
  117  9:50  Drone x4  
  117  9:51  Drone x2  
  131  9:55  Overlord  
  123  10:16  Roach  
  123  10:17  Roach x21  
  123  10:18  Roach x5  
  156  10:42  Roach x13  
  170  10:52  Infestation Pit  
  170  10:55  Spine Crawler x2  
  167  10:57  Spore Crawler  
  167  10:58  Drone  
  167  10:59  Drone x2  
  167  11:00  Overlord x2  
  167  11:02  Zergling x8  
  173  11:07  Ravager x5  
  173  11:10  Zergling x6  
  173  11:11  Zergling x6  
  184  11:15  Hydralisk x2  
  188  11:19  Overseer x3  
  188  11:23  Zergling x10  
  188  11:24  Zergling x8  
  170  11:47  Roach  
  170  11:49  Roach  
  170  11:50  Roach x8  
  170  12:05  Roach  
  170  12:06  Roach x4  
Tags
 
Composition
Lurkers
League
GoldGold
Matchup
PvZ
Add a new tag
Caveats
  • Supply blocks, unpowered buildings, or Contaminate may cause inaccurate times.
  • Supply counts are checked every 10 seconds.